AoeStats
← PhoenixFire

Arabia

503133271Analyzed
1v1 RM · 2mo ago on Aug 30, 2026· 55m 6s· 2 players
Game mode
Random Map
Map size
Tiny (2 player)
Population
200
Speed
Normal
Resources
Standard
Victory
Conquest
Starting age
Dark Age
Ending age
Imperial Age
RankedLock teamsTeams togetherTeam positionsShared explorationLock speedFull tech treeHidden civsTurbo modeCheats
Victory
Defeat
🇺🇸 Vikings · United States
699
+13
vs
🇫🇷 Franks · France
633
-13
PhoenixFire
2:03 Loom
13:47 Feudal Age
14:56 Double-Bit Axe
17:56 Man-at-Arms
20:52 Castle Age
19:26 Forging
21:06 Wheelbarrow
23:04 Husbandry
23:06 Elite Skirmisher
25:57 Bow Saw
28:46 Gold Mining
29:52 Stone Mining
30:40 Gold Shaft Mining
31:48 Fervor
33:49 Iron Casting
32:59 Pikeman
33:00 Long Swordsman
33:41 Squires
35:39 Hand Cart
36:25 Gambesons
39:40 Fletching
39:51 Scale Mail Armor
42:36 Masonry
47:11 Imperial Age
48:38 Hoardings
49:01 Two-Handed Swordsman
51:36 Blast Furnace
50:42 Scale Barding Armor
50:22 Champion
52:01 Cavalier
54:13 Cavalier
NAPOLEON BONAPARTE
11:51 Feudal Age
12:06 Man-at-Arms
12:39 Double-Bit Axe
21:12 Scale Mail Armor
23:24 Castle Age
23:29 Long Swordsman
24:51 Bow Saw
24:32 Gold Mining
24:32 Stone Mining
24:24 Horse Collar
24:10 Crossbowman
26:56 Gold Shaft Mining
28:48 Fletching
33:52 Ballistics
36:25 Imperial Age
39:43 Two-Man Saw
39:33 Two-Handed Swordsman
42:34 Chain Mail Armor
42:16 Bodkin Arrow
42:32 Forging
42:23 Padded Archer Armor
42:57 Conscription
43:59 Arbalester
45:17 Champion
47:58 Siege Engineers
48:32 Iron Casting
48:28 Plate Mail Armor
Connection lost

Rejoining the realm…

Still unreachable

The connection could not be restored.

Session expired

The server has moved on; the page needs a fresh start.